[Event "ICC tourney 2250 (120 10)"]
[Site "Internet Chess Club"]
[Date "2020.12.29"]
[Round "7"]
[White "Wushukyle"]
[Black "hidedozyo"]
[Result "0-1"]
[ICCResult "White resigns"]
[WhiteElo "1611"]
[BlackElo "2200"]
[Opening "two knights: Max Lange attack, Marshall variation"]
[ECO "C55"]
[NIC "KP.02"]
[Time "12:03:40"]
[PlyCount "57"]
[TimeControl "7200+10"]

1. e4 e5 2. Nf3 Nc6 3. d4 exd4 4. Bc4 Nf6 5. O-O Bc5 6. e5 d5 7. exf6 dxc4
8. Re1+ Be6 9. Ng5 Qd5 10. Nc3 Qf5 11. Nce4 O-O-O 12. Nxc5 Qxc5 13. Rxe6
fxe6 14. Nxe6 Qe5 15. Nxd8 Rxd8 16. fxg7 Qxg7 17. Bf4 d3 18. c3 Re8 19. Be3
Kb8 20. Qa4 Rg8 21. g3 Qg4 22. b3 Qe2 23. Qxc4 Rd8 24. Qe4 Qb2 25. Rd1 Qxa2
26. Rxd3 Qb1+ 27. Kg2 Qxd3 28. Qa4 Qd5+ 29. Kf1 { White resigns } 0-1

[Event "ICC tourney 2250 (120 10)"]
[Site "Internet Chess Club"]
[Date "2020.12.29"]
[Round "7"]
[White "Chessking2008"]
[Black "Venom2020"]
[Result "1/2-1/2"]
[ICCResult "Game drawn because neither player has mating material"]
[WhiteElo "2197"]
[BlackElo "2155"]
[Opening "Dutch: Leningrad, main variation with c6"]
[ECO "A88"]
[NIC "HD.05"]
[Time "12:03:40"]
[PlyCount "136"]
[TimeControl "7200+10"]

1. c4 f5 2. d4 Nf6 3. Nc3 g6 4. g3 Bg7 5. Bg2 O-O 6. Nf3 d6 7. O-O c6 8.
Bg5 Nbd7 9. Qd2 Ne4 10. Nxe4 fxe4 11. Ne1 d5 12. cxd5 cxd5 13. Nc2 Nf6 14.
Bh6 Qb6 15. Bxg7 Kxg7 16. Ne3 Be6 17. Rac1 Rac8 18. b3 Rfd8 19. Qb2 Rxc1
20. Rxc1 Rc8 21. Rxc8 Bxc8 22. Qc3 Bd7 23. f3 exf3 24. exf3 Qc6 25. Qxc6
Bxc6 26. f4 e6 27. Kf2 Ne8 28. Bf1 Nd6 29. Bd3 Bb5 30. Bb1 a5 31. Ng4 Be8
32. Ke3 a4 33. Bd3 axb3 34. axb3 Bb5 35. Bc2 Bf1 36. Ne5 Bg2 37. g4 Be4 38.
Bxe4 Nxe4 39. Nd3 Kf7 40. Nc5 Nd6 41. Kd3 Ke7 42. h3 b6 43. Na4 Nc8 44. Kc3
Kd7 45. Kb4 Kc6 46. Nb2 Nd6 47. Nd3 Ne4 48. Ne5+ Kc7 49. g5 Nf2 50. h4 Nh3
51. Nxg6 Kd8 52. Nf8 Nxf4 53. Kc3 Ng6 54. Nxh7 Nxh4 55. Nf6 Ke7 56. Ng4 Nf3
57. g6 Kf8 58. Nf6 Kg7 59. Nd7 b5 60. Nc5 e5 61. dxe5 Nxe5 62. Kd4 Nf3+ 63.
Kxd5 Nd2 64. b4 Nc4 65. Ne6+ Kxg6 66. Nc7 Ne3+ 67. Kc5 Nc2 68. Nxb5 Nxb4 {
Game drawn because neither player has mating material } 1/2-1/2

[Event "ICC tourney 2250 (120 10)"]
[Site "Internet Chess Club"]
[Date "2020.12.29"]
[Round "7"]
[White "savchess06"]
[Black "investigator"]
[Result "1-0"]
[ICCResult "Black resigns"]
[WhiteElo "2085"]
[BlackElo "2106"]
[Opening "Pirc: classical, h3 system"]
[ECO "B08"]
[NIC "PU.10"]
[Time "12:04:03"]
[PlyCount "79"]
[TimeControl "7200+10"]

1. e4 d6 2. d4 Nf6 3. Nc3 g6 4. Nf3 Bg7 5. h3 O-O 6. Be2 Nc6 7. d5 Ne5 8.
Nd4 c5 9. Nf3 e6 10. dxe6 Bxe6 11. Bf4 Qa5 12. O-O Rad8 13. Qe1 Qb4 14.
Nxe5 dxe5 15. Bxe5 Qxb2 16. Qc1 Qxc1 17. Raxc1 Nd7 18. Bxg7 Kxg7 19. Rfd1
Nb6 20. Rb1 Rd7 21. Rxd7 Bxd7 22. Bb5 Rd8 23. Rd1 Kf8 24. f4 Ke7 25. Kf2
Be6 26. Rxd8 Kxd8 27. Bd3 c4 28. Be2 Nd7 29. Nb5 a6 30. Nd4 b5 31. Ke3 Ke7
32. Nxe6 fxe6 33. Kd4 Kd6 34. e5+ Kc6 35. a4 Nb6 36. Bf3+ Nd5 37. axb5+
axb5 38. c3 h6 39. h4 h5 40. g3 { Black resigns } 1-0

[Event "ICC tourney 2250 (120 10)"]
[Site "Internet Chess Club"]
[Date "2020.12.29"]
[Round "7"]
[White "schubakov"]
[Black "Adhvaith0406"]
[Result "1/2-1/2"]
[ICCResult "Game drawn by mutual agreement"]
[WhiteElo "2161"]
[BlackElo "2033"]
[Opening "Queen's Indian: 4.g3"]
[ECO "E15"]
[NIC "QI.02"]
[Time "12:03:46"]
[PlyCount "87"]
[TimeControl "7200+10"]

1. d4 Nf6 2. c4 e6 3. Nf3 b6 4. g3 Bb4+ 5. Bd2 Bxd2+ 6. Nbxd2 Bb7 7. Bg2
O-O 8. Qc2 d5 9. O-O Ne4 10. Rfd1 Nxd2 11. Nxd2 Nd7 12. Rac1 c6 13. e4 dxe4
14. Nxe4 Nf6 15. Nc3 Qe7 16. a3 Rfd8 17. b4 a6 18. Na4 Qc7 19. Qb3 Rac8 20.
c5 b5 21. Nb6 Rb8 22. a4 Nd7 23. axb5 axb5 24. Nxd7 Qxd7 25. Qb2 Ra8 26.
Ra1 Qe8 27. f4 Rxa1 28. Rxa1 Ra8 29. Be4 f5 30. Bc2 Kf7 31. Bb3 Rxa1+ 32.
Qxa1 Qa8 33. Qe1 Bc8 34. Kg2 Qa3 35. Qc3 Qa7 36. Kf2 Qb7 37. Qc2 g6 38. Qc3
Qd7 39. Qe3 Qc7 40. h3 h5 41. Kg2 Bd7 42. Bc2 Qa7 43. Qc3 Qa2 44. h4 { Game
drawn by mutual agreement } 1/2-1/2

[Event "ICC tourney 2250 (120 10)"]
[Site "Internet Chess Club"]
[Date "2020.12.29"]
[Round "7"]
[White "giorgibagaturov"]
[Black "Mookmookarmy"]
[Result "1/2-1/2"]
[ICCResult "Game drawn by mutual agreement"]
[WhiteElo "2481"]
[BlackElo "2360"]
[Opening "Réti opening"]
[ECO "A04"]
[NIC "QP.11"]
[Time "12:03:43"]
[PlyCount "74"]
[TimeControl "7200+10"]

1. Nf3 d6 2. g3 e5 3. d3 f5 4. Bg2 Nf6 5. c4 Be7 6. Nc3 O-O 7. O-O Qe8 8.
e3 Bd8 9. Rb1 a5 10. b3 c6 11. a3 Na6 12. b4 axb4 13. axb4 Kh8 14. e4 f4
15. gxf4 exf4 16. Bxf4 Nxe4 17. Nxe4 Rxf4 18. Nxd6 Qg6 19. Nxc8 Rxc8 20.
Ne5 Qf5 21. d4 Bc7 22. Rb3 Rd8 23. Bh3 Qf6 24. Qh5 g6 25. Qe2 Rfxd4 26. Nf3
Rf4 27. Re3 Rf8 28. Bg2 Nxb4 29. Re6 Qg7 30. Re7 R4f7 31. Rxf7 Rxf7 32. Re1
h6 33. Qd2 Na6 34. Qd3 Nc5 35. Re8+ Rf8 36. Rxf8+ Qxf8 37. Qxg6 Qd6 { Game
drawn by mutual agreement } 1/2-1/2

[Event "ICC tourney 2250 (120 10)"]
[Site "Internet Chess Club"]
[Date "2020.12.29"]
[Round "7"]
[White "tigeriz"]
[Black "TjkTiger"]
[Result "0-1"]
[ICCResult "White resigns"]
[WhiteElo "2393"]
[BlackElo "2602"]
[Opening "Sicilian: accelerated fianchetto, Maróczy bind, 6.Be3"]
[ECO "B38"]
[NIC "SI.33"]
[Time "12:04:31"]
[PlyCount "98"]
[TimeControl "7200+10"]

1. e4 c5 2. Nf3 Nc6 3. d4 cxd4 4. Nxd4 g6 5. c4 Bg7 6. Be3 Qb6 7. Nb3 Qd8
8. Nc3 Bxc3+ 9. bxc3 Nf6 10. f3 d6 11. Be2 O-O 12. O-O b6 13. Nd4 Na5 14.
Qa4 Qc7 15. Rfd1 Bd7 16. Nb5 Qc8 17. Qb4 Be6 18. Rd4 Nc6 19. Qb3 a6 20. Na3
b5 21. Rb1 Nxd4 22. cxd4 bxc4 23. Nxc4 Rb8 24. Qxb8 Qxb8 25. Rxb8 Rxb8 26.
d5 Bd7 27. Nb6 Bb5 28. Kf2 Rb7 29. a4 Bxe2 30. Kxe2 Nd7 31. a5 Rc7 32. Nxd7
Rxd7 33. Bb6 e6 34. Kd3 exd5 35. exd5 Kf8 36. f4 Re7 37. Be3 Re8 38. Bf2
Ke7 39. Bd4 Rc8 40. Be3 Kd7 41. g3 Rb8 42. Bb6 Kc8 43. Kc4 Rxb6 44. axb6
Kb7 45. Kc3 Kxb6 46. Kb4 a5+ 47. Kc4 f5 48. h3 h5 49. h4 Ka6 { White
resigns } 0-1

[Event "ICC tourney 2250 (120 10)"]
[Site "Internet Chess Club"]
[Date "2020.12.29"]
[Round "7"]
[White "MBJPM"]
[Black "RajeshCS"]
[Result "1/2-1/2"]
[ICCResult "Game drawn by mutual agreement"]
[WhiteElo "2337"]
[BlackElo "2310"]
[Opening "Nimzo-Indian: Reshevsky variation"]
[ECO "E46"]
[NIC "NI.10"]
[Time "12:03:40"]
[PlyCount "130"]
[TimeControl "7200+10"]

1. d4 Nf6 2. c4 e6 3. Nc3 Bb4 4. e3 O-O 5. Ne2 Re8 6. a3 Bf8 7. Ng3 d5 8.
Be2 c5 9. dxc5 dxc4 10. Bxc4 Qxd1+ 11. Kxd1 Bxc5 12. Ke2 a6 13. Nge4 Nxe4
14. Nxe4 Be7 15. Rd1 b5 16. Bd3 f5 17. Nd2 Nc6 18. Nf3 Bb7 19. Bd2 Bf6 20.
Ra2 g5 21. b4 g4 22. Ne1 Ne5 23. Bc3 Rac8 24. Bd4 Bd5 25. Rad2 Nxd3 26.
Rxd3 Kf7 27. Bxf6 Kxf6 28. Rd4 Rc3 29. R1d3 Bc4 30. Kd2 Rxd3+ 31. Nxd3 e5
32. Rd7 Bxd3 33. Kxd3 Re7 34. Rd8 Ke6 35. e4 f4 36. Ra8 Rd7+ 37. Ke2 Rd6
38. Ra7 h5 39. Rh7 Rd4 40. Rh6+ Kd7 41. f3 Rc4 42. Rxh5 Rc2+ 43. Kd3 gxf3
44. gxf3 Rf2 45. Rxe5 Rxf3+ 46. Kd4 Rxa3 47. Rf5 Rh3 48. Rxf4 Rxh2 49. e5
Rd2+ 50. Kc5 Rc2+ 51. Kd5 Rd2+ 52. Rd4 Rc2 53. Ke4+ Ke7 54. Rd6 Rc4+ 55.
Kd5 Rxb4 56. Rxa6 Ra4 57. Rb6 Ra7 58. Rxb5 Ra6 59. Rb7+ Ke8 60. Rc7 Rh6 61.
Ke4 Ra6 62. Kf5 Rb6 63. Rc8+ Ke7 64. Rh8 Ra6 65. Rh7+ Ke8 { Game drawn by
mutual agreement } 1/2-1/2

[Event "ICC tourney 2250 (120 10)"]
[Site "Internet Chess Club"]
[Date "2020.12.29"]
[Round "7"]
[White "josuevm"]
[Black "espark"]
[Result "1-0"]
[ICCResult "Black resigns"]
[WhiteElo "2272"]
[BlackElo "2338"]
[Opening "Robatsch defense: Pseudo-Austrian attack"]
[ECO "B06"]
[NIC "KF.05"]
[Time "12:03:40"]
[PlyCount "65"]
[TimeControl "7200+10"]

1. e4 g6 2. d4 Bg7 3. Nc3 d6 4. f4 a6 5. Bc4 b5 6. Bb3 Bb7 7. Nf3 b4 8.
Bxf7+ Kxf7 9. Ng5+ Ke8 10. Ne6 Qd7 11. Nd5 Bxd5 12. exd5 Bh6 13. f5 Bxc1
14. fxg6 hxg6 15. Qg4 Kf7 16. O-O+ Nf6 17. Raxc1 c6 18. c4 bxc3 19. Rxc3
cxd5 20. Rxf6+ exf6 21. Rc7 f5 22. Qg5 Rg8 23. Rxd7+ Nxd7 24. Nc7 Rac8 25.
Nxd5 Rge8 26. h4 Re1+ 27. Kh2 Rh8 28. Nf4 Nf8 29. h5 Re6 30. Nxe6 Kxe6 31.
Qd8 Rxh5+ 32. Kg1 Rh8 33. d5+ { Black resigns } 1-0

[Event "ICC tourney 2250 (120 10)"]
[Site "Internet Chess Club"]
[Date "2020.12.29"]
[Round "7"]
[White "chiringuito"]
[Black "KRASAVCHIK"]
[Result "1-0"]
[ICCResult "Black resigns"]
[WhiteElo "2485"]
[BlackElo "2458"]
[Opening "Grünfeld: exchange, classical variation"]
[ECO "D87"]
[NIC "GI.05"]
[Time "12:04:20"]
[PlyCount "103"]
[TimeControl "7200+10"]

1. d4 Nf6 2. c4 g6 3. Nc3 d5 4. cxd5 Nxd5 5. e4 Nxc3 6. bxc3 Bg7 7. Bc4 c5
8. Ne2 Nc6 9. Be3 O-O 10. O-O Na5 11. Bd3 b6 12. dxc5 Qc7 13. cxb6 axb6 14.
Nd4 Qxc3 15. Rc1 Qb4 16. Nb5 Nb7 17. Nc7 Rxa2 18. Nd5 Qa3 19. Bb1 Ra1 20.
Rc7 Re8 21. Bg5 Bf8 22. Qc2 Nc5 23. Bxe7 Bxe7 24. Nxe7+ Rxe7 25. Rxe7 Be6
26. Qd2 Qa8 27. Qb2 Bc4 28. Qe5 Ne6 29. Qf6 Nf8 30. Bd3 Rxf1+ 31. Bxf1 Be6
32. Qd4 Qc6 33. h4 h5 34. Qe5 Bd7 35. f4 b5 36. f5 b4 37. Kh2 b3 38. Qd4
gxf5 39. Bc4 Be6 40. Bxe6 Nxe6 41. Qf6 Nd8 42. Qe5 Kf8 43. Ra7 Qh6 44. Ra8
Qb6 45. Rb8 f6 46. Rxb6 fxe5 47. exf5 Ke7 48. g4 hxg4 49. Kg3 Nf7 50. Kxg4
e4 51. Kf4 e3 52. Rxb3 { Black resigns } 1-0

[Event "ICC tourney 2250 (120 10)"]
[Site "Internet Chess Club"]
[Date "2020.12.29"]
[Round "7"]
[White "Aleksandrov73"]
[Black "JKogen"]
[Result "1-0"]
[ICCResult "Black resigns"]
[WhiteElo "2629"]
[BlackElo "2354"]
[Opening "Dutch defense, Blackburne variation"]
[ECO "A81"]
[NIC "HD.12"]
[Time "12:03:44"]
[PlyCount "97"]
[TimeControl "7200+10"]

1. d4 f5 2. g3 e6 3. Bg2 Nf6 4. Nh3 Be7 5. O-O O-O 6. b3 d6 7. Ba3 Qe8 8.
c4 e5 9. Nc3 c6 10. c5 dxc5 11. dxe5 Ng4 12. Na4 Na6 13. Qc1 Qh5 14. Nxc5
Bxc5 15. Bxc5 Nxc5 16. Qxc5 f4 17. Qc4+ Kh8 18. e6 Rf6 19. e7 Be6 20. Qb4
Re8 21. Qxb7 Rh6 22. Rfd1 fxg3 23. hxg3 Nf6 24. Nf4 Qh2+ 25. Kf1 Bf7 26.
Rd8 g5 27. Nd3 Kg7 28. Ne5 Bd5 29. Rxd5 cxd5 30. Rc1 Qh5 31. Qxa7 g4 32.
Nd3 Qf7 33. Rc7 Ne4 34. Qd4+ Qf6 35. Qxf6+ Kxf6 36. Nf4 Ke5 37. a4 Rb6 38.
b4 Kd6 39. b5 Ra8 40. Nxd5 Rxa4 41. Rc1 Rb8 42. Nb6 Rd4 43. e3 Rb4 44. Rc6+
Ke5 45. Nd7+ Kd5 46. Bxe4+ Rxe4 47. Nf6+ Ke5 48. Nxe4 Kxe4 49. Re6+ { Black
resigns } 1-0

[Event "ICC tourney 2250 (120 10)"]
[Site "Internet Chess Club"]
[Date "2020.12.29"]
[Round "7"]
[White "helavir"]
[Black "jy2020"]
[Result "1-0"]
[ICCResult "Black resigns"]
[WhiteElo "2626"]
[BlackElo "2227"]
[Opening "Sicilian: Canal-Sokolsky (Nimzovich-Rossolimo, Moscow) attack"]
[ECO "B51"]
[NIC "SI.01"]
[Time "12:04:31"]
[PlyCount "117"]
[TimeControl "7200+10"]

1. e4 c5 2. Nf3 d6 3. Bb5+ Nd7 4. c3 Nf6 5. Bd3 a6 6. Bc2 e5 7. d4 Be7 8.
a4 O-O 9. O-O Qc7 10. d5 b6 11. c4 Re8 12. Nc3 Nf8 13. Ne1 Ng6 14. g3 Bf8
15. Ng2 Bh3 16. Qd3 Qc8 17. Ra3 h6 18. a5 bxa5 19. Bd2 Nh7 20. f4 exf4 21.
gxf4 Nf6 22. Qf3 Kh8 23. Kh1 Ra7 24. Rg1 Qg4 25. Ne1 Qxf3+ 26. Nxf3 Bg4 27.
Kg2 Nh5 28. Kf2 Bd7 29. f5 Ne5 30. Nxe5 Rxe5 31. Rxa5 Ra8 32. Kf3 Kh7 33.
Nd1 Ree8 34. Bc3 Be7 35. e5 Bd8 36. e6 Bxa5 37. exd7 Red8 38. Bxa5 Rxd7 39.
Bc3 Nf6 40. Bxf6 gxf6 41. Nf2 Rg8 42. Ng4 Kh8 43. Ra1 Kg7 44. Rxa6 Rgd8 45.
Nf2 Kf8 46. Ne4 Ke7 47. Ra1 Rb7 48. b3 Re8 49. Kf2 Rd8 50. Re1 Kd7 51.
Nxf6+ Kc8 52. Ra1 Kb8 53. Kf3 Re7 54. Ne4 Ra7 55. Rxa7 Kxa7 56. f6 Kb7 57.
Kg4 Kc7 58. Kh5 Ra8 59. Nc3 { Black resigns } 1-0

[Event "ICC tourney 2250 (120 10)"]
[Site "Internet Chess Club"]
[Date "2020.12.29"]
[Round "7"]
[White "sahilmd"]
[Black "Gukesh"]
[Result "0-1"]
[ICCResult "White resigns"]
[WhiteElo "2536"]
[BlackElo "2642"]
[Opening "QGD: classical variation (5.Bf4)"]
[ECO "D31"]
[NIC "QO.03"]
[Time "12:03:43"]
[PlyCount "156"]
[TimeControl "7200+10"]

1. d4 d5 2. c4 e6 3. Nc3 Be7 4. Nf3 Nf6 5. Bf4 O-O 6. e3 c5 7. dxc5 Bxc5 8.
Qc2 Nc6 9. a3 Qa5 10. Rd1 a6 11. Nd2 Ba7 12. Nb3 Qb6 13. Be2 dxc4 14. Bxc4
Bb8 15. O-O Bxf4 16. exf4 Qc7 17. Ne2 e5 18. Qc1 Bg4 19. f3 Bf5 20. Kh1
Rac8 21. g4 Be6 22. g5 Nh5 23. Bxe6 fxe6 24. Nc5 Nd4 25. Nxd4 exd4 26. Nd3
Qd6 27. Qd2 Nxf4 28. Rfe1 Ng6 29. Qe2 Rf5 30. Qxe6+ Qxe6 31. Rxe6 Rxf3 32.
Re4 Rc2 33. Kg1 Rh3 34. Rf1 h5 35. Rf2 Rxf2 36. Nxf2 Rb3 37. Nd1 Rd3 38.
Nf2 Rd2 39. b3 d3 40. a4 Re2 41. Kf1 Rb2 42. Nxd3 Rxb3 43. Rd4 Kh7 44. Kf2
Ra3 45. Nc5 Ne5 46. h4 b5 47. axb5 axb5 48. Kg2 Ng6 49. Rb4 Rc3 50. Ne6 Rc6
51. Nd8 Rb6 52. Kf3 Kg8 53. Ke4 Nxh4 54. Kd5 Nf5 55. Kc5 Rg6 56. Rxb5 Rxg5
57. Ne6 Rg4 58. Kd5 h4 59. Ke5 Ng3 60. Rb8+ Kh7 61. Nf8+ Kh6 62. Ne6 Re4+
63. Kd5 Ra4 64. Rh8+ Kg6 65. Ke5 Nh5 66. Rd8 h3 67. Rd2 Rg4 68. Rh2 Rg2 69.
Nf8+ Kf7 70. Rxh3 Rg5+ 71. Kd6 Kxf8 72. Rb3 Kf7 73. Rb7+ Kg6 74. Ke7 Rf5
75. Rb6+ Nf6 76. Kf8 Re5 77. Re6 Re4 78. Re5 Nd7+ { White resigns } 0-1

[Event "ICC tourney 2250 (120 10)"]
[Site "Internet Chess Club"]
[Date "2020.12.29"]
[Round "7"]
[White "tejasrama"]
[Black "kpthomas"]
[Result "1-0"]
[ICCResult "Black forfeits on time"]
[WhiteElo "2293"]
[BlackElo "2113"]
[Opening "Queen's pawn game"]
[ECO "E10"]
[NIC "QI.01"]
[Time "12:03:46"]
[PlyCount "185"]
[TimeControl "7200+10"]

1. d4 Nf6 2. c4 e6 3. Nf3 d5 4. g3 Bb4+ 5. Bd2 Be7 6. Bg2 O-O 7. Qc2 c6 8.
O-O b6 9. Rd1 Bb7 10. Bf4 Na6 11. a3 Rc8 12. Nbd2 c5 13. Rac1 cxd4 14. Nxd4
Bd6 15. Bg5 h6 16. Bxf6 Qxf6 17. Nb5 Bb8 18. Qb1 Bc6 19. Nc3 dxc4 20. Bxc6
Rxc6 21. Nce4 Qe7 22. Rxc4 Rxc4 23. Nxc4 Nc5 24. b4 Nxe4 25. Qxe4 Rc8 26.
Ne5 Bxe5 27. Qxe5 Qc7 28. Qe4 g6 29. Rd3 h5 30. Qd4 a5 31. h4 axb4 32. Qxb4
Ra8 33. Rf3 Ra5 34. Rc3 Qb7 35. Rd3 Ra8 36. Rf3 Qa7 37. Qf4 Rf8 38. Qf6 Qa4
39. Kh2 Qc4 40. Qb2 Qc5 41. Kg2 Qc6 42. Qb4 Rc8 43. Qf4 Rf8 44. Kh2 Qb5 45.
e4 Kg7 46. Qf6+ Kg8 47. Qf4 Kg7 48. e5 Qc5 49. Qf6+ Kg8 50. a4 Qd4 51. Rf4
Qd8 52. Rb4 Qc7 53. g4 hxg4 54. Rxg4 Qd8 55. Qf4 Kg7 56. Kg2 Rh8 57. Qf3
Rh5 58. Rf4 Qd7 59. Re4 Qd5 60. Qf6+ Kg8 61. f3 Rf5 62. Qe7 Rxe5 63. Rxe5
Qxe5 64. Qd8+ Kg7 65. Qxb6 Qf4 66. a5 Qxh4 67. a6 Qg5+ 68. Kf1 Qc1+ 69. Ke2
Qc2+ 70. Ke3 Qc3+ 71. Kf4 Qf6+ 72. Ke4 Qf5+ 73. Ke3 Qe5+ 74. Kd3 Qf5+ 75.
Kc4 Qc2+ 76. Kb5 Qb3+ 77. Kc6 Qxf3+ 78. Kc7 Qf4+ 79. Kb7 Qe4+ 80. Qc6 Qb4+
81. Kc8 Qf8+ 82. Kd7 f5 83. Qxe6 Qb8 84. Qd5 Kh6 85. Qh1+ Kg5 86. Qb7 Qf8
87. a7 Qg7+ 88. Kc6 Qc3+ 89. Kd6 Qd4+ 90. Ke6 Qc4+ 91. Ke7 Qc5+ 92. Kf7
Qc4+ 93. Kf8 { Black forfeits on time } 1-0

[Event "ICC tourney 2250 (120 10)"]
[Site "Internet Chess Club"]
[Date "2020.12.29"]
[Round "8"]
[White "Mookmookarmy"]
[Black "Venom2020"]
[Result "1/2-1/2"]
[ICCResult "Game drawn by mutual agreement"]
[WhiteElo "2360"]
[BlackElo "2155"]
[Opening "Sicilian: accelerated fianchetto, modern variation with Bc4"]
[ECO "B35"]
[NIC "SI.33"]
[Time "17:23:01"]
[PlyCount "37"]
[TimeControl "7200+10"]

1. e4 c5 2. Nf3 Nc6 3. d4 cxd4 4. Nxd4 g6 5. Nc3 Bg7 6. Be3 Nf6 7. Bc4 O-O
8. Bb3 a5 9. a4 Ng4 10. Qxg4 Nxd4 11. Qd1 Nxb3 12. cxb3 d6 13. O-O Be6 14.
f4 f5 15. exf5 Rxf5 16. Rf2 Rc8 17. Ne4 Rd5 18. Qe2 Qd7 19. h3 { Game drawn
by mutual agreement } 1/2-1/2

[Event "ICC tourney 2250 (120 10)"]
[Site "Internet Chess Club"]
[Date "2020.12.29"]
[Round "8"]
[White "TjkTiger"]
[Black "chiringuito"]
[Result "1/2-1/2"]
[ICCResult "Game drawn by mutual agreement"]
[WhiteElo "2602"]
[BlackElo "2485"]
[Opening "English: Caro-Kann defensive system"]
[ECO "A11"]
[NIC "EO.64"]
[Time "17:23:43"]
[PlyCount "28"]
[TimeControl "7200+10"]

1. c4 c6 2. Nc3 d5 3. d4 Nf6 4. cxd5 cxd5 5. Bf4 Nc6 6. e3 a6 7. Be2 Bf5 8.
Nf3 e6 9. Qb3 Bd6 10. Bxd6 Qxd6 11. Qxb7 O-O 12. Qb3 Rfb8 13. Qa3 Qxa3 14.
bxa3 Na7 { Game drawn by mutual agreement } 1/2-1/2

[Event "ICC tourney 2250 (120 10)"]
[Site "Internet Chess Club"]
[Date "2020.12.29"]
[Round "8"]
[White "sirking2800"]
[Black "sriramk"]
[Result "0-1"]
[ICCResult "White resigns"]
[WhiteElo "2005"]
[BlackElo "2168"]
[Opening "Ruy Lopez: Archangelsk (counterthrust) variation"]
[ECO "C78"]
[NIC "RL.12"]
[Time "17:23:01"]
[PlyCount "76"]
[TimeControl "7200+10"]

1. e4 e5 2. Nf3 Nc6 3. Bb5 a6 4. Ba4 Nf6 5. O-O b5 6. Bb3 Bb7 7. Ng5 d5 8.
exd5 Nd4 9. Re1 Bd6 10. Nf3 Nxb3 11. Nxe5 O-O 12. axb3 Nxd5 13. d4 Qh4 14.
Qg4 Qe7 15. Nd3 Qf6 16. c4 Nb4 17. Nxb4 Bxb4 18. Bd2 Bxd2 19. Nxd2 Rad8 20.
d5 Qxb2 21. Qf4 c6 22. dxc6 Bxc6 23. Rxa6 Bxg2 24. Kxg2 Rxd2 25. Qe3 bxc4
26. Ra8 Rxf2+ 27. Qxf2 Qxf2+ 28. Kxf2 Rxa8 29. bxc4 Kf8 30. h4 Ra2+ 31. Kf3
Rc2 32. Re4 Rc3+ 33. Kf4 f6 34. Kg4 Kf7 35. Kf4 g6 36. Rd4 h5 37. Ke4 Ke6
38. Kf4 Rh3 { White resigns } 0-1

[Event "ICC tourney 2250 (120 10)"]
[Site "Internet Chess Club"]
[Date "2020.12.29"]
[Round "8"]
[White "mchessmaster"]
[Black "schubakov"]
[Result "0-1"]
[ICCResult "White resigns"]
[WhiteElo "1976"]
[BlackElo "2161"]
[Opening "Sicilian: Kan variation"]
[ECO "B41"]
[NIC "SI.41"]
[Time "17:22:48"]
[PlyCount "60"]
[TimeControl "7200+10"]

1. e4 c5 2. Nf3 e6 3. d4 cxd4 4. Nxd4 a6 5. Be3 Nf6 6. Nc3 Bb4 7. Bd3 Qc7
8. Qd2 d5 9. exd5 Nxd5 10. Nde2 O-O 11. O-O Bxc3 12. Nxc3 Nxc3 13. Qxc3
Qxc3 14. bxc3 Bd7 15. Be4 Bc6 16. Bxc6 Nxc6 17. Rfd1 Rfd8 18. Bb6 Rxd1+ 19.
Rxd1 Ne5 20. Ba5 Kf8 21. f4 Nc4 22. Bb4+ Ke8 23. Rd4 Rc8 24. a4 a5 25. Bd6
Nxd6 26. Rxd6 Rxc3 27. Rb6 Rxc2 28. Rxb7 Rc4 29. Rb8+ Ke7 30. Rb7+ Kf6 {
White resigns } 0-1

[Event "ICC tourney 2250 (120 10)"]
[Site "Internet Chess Club"]
[Date "2020.12.29"]
[Round "8"]
[White "nithin"]
[Black "Chessking2008"]
[Result "1-0"]
[ICCResult "Black resigns"]
[WhiteElo "2250"]
[BlackElo "2197"]
[Opening "English: symmetrical variation"]
[ECO "A38"]
[NIC "EO.26"]
[Time "17:23:02"]
[PlyCount "87"]
[TimeControl "7200+10"]

1. Nf3 Nf6 2. c4 c5 3. Nc3 Nc6 4. g3 g6 5. Bg2 Bg7 6. d4 cxd4 7. Nxd4 O-O
8. O-O a6 9. c5 Qc7 10. Nb3 b6 11. Bf4 Qa7 12. Na4 bxc5 13. Naxc5 a5 14.
Rc1 Nb4 15. Na4 d6 16. Bxa8 Qxa8 17. Nb6 Qa6 18. Nxc8 Rxc8 19. Rxc8+ Qxc8
20. a3 Nbd5 21. Bg5 a4 22. Nd2 Nb6 23. Nf3 Ne4 24. Be3 Nc4 25. Qd3 Nxe3 26.
Qxe3 Qb7 27. Rc1 Nc5 28. Nd2 Bf6 29. Rb1 Qd5 30. b4 axb3 31. Nxb3 Bg5 32.
Qf3 Qxf3 33. exf3 Na4 34. Nd4 Bf6 35. Nc6 d5 36. Rb4 Nc3 37. a4 d4 38. a5
d3 39. Rb8+ Kg7 40. Rd8 Ne2+ 41. Kf1 Nd4 42. Rxd4 Bxd4 43. Nxd4 d2 44. Ke2
{ Black resigns } 1-0

[Event "ICC tourney 2250 (120 10)"]
[Site "Internet Chess Club"]
[Date "2020.12.29"]
[Round "8"]
[White "lmperatorX"]
[Black "Buffalo09"]
[Result "0-1"]
[ICCResult "White resigns"]
[WhiteElo "2118"]
[BlackElo "2256"]
[Opening "Sicilian: Najdorf, Zagreb (fianchetto) variation"]
[ECO "B91"]
[NIC "SI.14"]
[Time "17:23:02"]
[PlyCount "56"]
[TimeControl "7200+10"]

1. e4 c5 2. Nf3 d6 3. d4 cxd4 4. Nxd4 Nf6 5. Nc3 a6 6. g3 e6 7. Bg2 Be7 8.
O-O Qc7 9. f4 Nc6 10. Nb3 O-O 11. g4 Nd7 12. g5 b5 13. Qh5 b4 14. Nd1 a5
15. Rf3 a4 16. Rh3 h6 17. Nd2 Nd4 18. c3 bxc3 19. bxc3 Nc2 20. Rb1 e5 21.
Qe2 exf4 22. gxh6 Qc5+ 23. Kh1 g5 24. Nf1 Na3 25. Rb4 Ba6 26. Qh5 Nc4 27.
Nb2 Nxb2 28. Bxb2 Ne5 { White resigns } 0-1

[Event "ICC tourney 2250 (120 10)"]
[Site "Internet Chess Club"]
[Date "2020.12.29"]
[Round "8"]
[White "Chesslegend21"]
[Black "Plato"]
[Result "1/2-1/2"]
[ICCResult "Game drawn by repetition"]
[WhiteElo "2132"]
[BlackElo "2033"]
[Opening "QGD: Tartakower variation"]
[ECO "D59"]
[NIC "QO.10"]
[Time "17:22:55"]
[PlyCount "139"]
[TimeControl "7200+10"]

1. d4 d5 2. c4 e6 3. Nc3 Be7 4. Nf3 Nf6 5. Bg5 O-O 6. e3 h6 7. Bh4 b6 8.
cxd5 Nxd5 9. Bxe7 Qxe7 10. Nxd5 exd5 11. Rc1 Be6 12. Qa4 c5 13. Qa3 Rc8 14.
dxc5 bxc5 15. Bb5 Qb7 16. Rxc5 Rxc5 17. Qxc5 Na6 18. Qc6 Qxc6 19. Bxc6 Rc8
20. Ba4 Rc1+ 21. Bd1 Nc5 22. O-O Rb1 23. b3 Rb2 24. Nd4 Rxa2 25. f3 Rb2 26.
Rf2 Rb1 27. Rd2 Na6 28. Kf2 Nb4 29. Be2 a5 30. Bb5 Kf8 31. Kg3 Ke7 32. Ba4
Re1 33. Re2 Rc1 34. h4 Rh1 35. Nc6+ Nxc6 36. Bxc6 Kd6 37. Ba4 Rc1 38. Kf4
g6 39. g4 Rh1 40. Kg3 Rc1 41. Kf4 Rh1 42. Rc2 Rxh4 43. Rc6+ Ke7 44. Kg3 Rh1
45. Ra6 h5 46. gxh5 gxh5 47. Rxa5 h4+ 48. Kg2 Re1 49. Ra8 Re2+ 50. Kf1 Rxe3
51. Kf2 Rc3 52. Rh8 h3 53. b4 Rc4 54. Bb5 Rxb4 55. Bf1 Rb2+ 56. Kg3 Kf6 57.
Bxh3 Bxh3 58. Rxh3 Re2 59. Kf4 d4 60. Rh6+ Ke7 61. Ra6 d3 62. Ra3 d2 63.
Rd3 Ke6 64. Rd4 f6 65. Rd3 Ke7 66. Kf5 Re5+ 67. Kf4 Re2 68. Kf5 Re5+ 69.
Kf4 Re2 70. Kf5 { Game drawn by repetition } 1/2-1/2

[Event "ICC tourney 2250 (120 10)"]
[Site "Internet Chess Club"]
[Date "2020.12.29"]
[Round "8"]
[White "jy2020"]
[Black "ShadowApt"]
[Result "1-0"]
[ICCResult "Black resigns"]
[WhiteElo "2227"]
[BlackElo "2105"]
[Opening "Sicilian: Najdorf, Opocensky variation"]
[ECO "B92"]
[NIC "SI.10"]
[Time "17:23:34"]
[PlyCount "81"]
[TimeControl "7200+10"]

1. e4 c5 2. Nf3 d6 3. d4 cxd4 4. Nxd4 Nf6 5. Nc3 a6 6. Be2 e5 7. Nf3 Be7 8.
Bg5 O-O 9. Bxf6 Bxf6 10. O-O Nc6 11. Nd5 Be7 12. Bc4 Bg4 13. h3 Bh5 14. c3
Kh8 15. Qd3 Na5 16. Bb3 Nxb3 17. axb3 Bg6 18. Rfd1 Bg5 19. g4 h5 20. Qe2
hxg4 21. hxg4 Bf4 22. Kg2 Kg8 23. Rh1 f6 24. Rad1 Qd7 25. Nh4 Bxe4+ 26. f3
Bxd5 27. Rxd5 Rfe8 28. Qe4 Rad8 29. Nf5 Qc7 30. Rhd1 Re6 31. c4 b6 32. b4
g6 33. Nd4 Re7 34. Qxg6+ Rg7 35. Qxf6 exd4 36. Qxf4 Qxc4 37. Qxd4 Qe2+ 38.
Qf2 Qe6 39. R5d4 Rf8 40. R1d2 Qe5 41. Qg3 { Black resigns } 1-0